 Dungeon Crawl Stone Soup version 0.24-a0-201-gf205589 (webtiles) character file.

Game seed: 7094006558449819054

131 nikopol the Magician (level 4, -13/24 HPs)
             Began as a Deep Elf Fire Elementalist on Mar 18, 2019.
             Splashed by Ijyb's acid (15 damage)
             ... on level 3 of the Dungeon on Mar 19, 2019.
             The game lasted 00:07:06 (1832 turns).

nikopol the Magician (Deep Elf Fire Elementalist)   Turns: 1832, Time: 00:07:18

Health: -13/24     AC:  3    Str:  5    XL:     4   Next: 91%
Magic:  4/12       EV: 13    Int: 21    God:
Gold:   51         SH:  0    Dex: 15    Spells: 2/12 levels left

rFire    . . .     SeeInvis .   (no weapon)
rCold    . . .     Gourm    .   (no shield)
rNeg     . . .     Faith    .   a - +0 robe
rPois    .         Spirit   .   (no helmet)
rElec    .         Reflect  .   e - +0 cloak
rCorr    .         Harm     .   (no gloves)
MR       .....                  (no boots)
Stlth    ++........             (no amulet)
HPRegen  0.08/turn              (no ring)
MPRegen  0.13/turn              (no ring)

@: no status effects
A: no striking features
a: no special abilities


You were on level 3 of the Dungeon.
You were not hungry.

You visited 1 branch of the dungeon, and saw 3 of its levels.

You collected 51 gold pieces.

Inventory:

Armour
 a - a +0 robe (worn)
 e - a +0 cloak (worn)
Jewellery
 l - a cursed amulet of inaccuracy {unknown}
Scrolls
 d - 2 scrolls of identify {unknown}
 h - 2 scrolls of enchant armour {unknown}
 i - a scroll of remove curse {unknown}
Potions
 b - 2 potions of might {unknown}
 f - a potion of curing {unknown}
 g - a potion of ambrosia {unknown}
 j - a potion of haste {unknown}
 k - a potion of mutation {unknown}
Comestibles
 c - 3 rations
 m - 4 chunks of flesh


   Skills:
 + Level 2.9 Dodging
 + Level 3.0 Stealth
 + Level 4.5 Spellcasting
 + Level 2.6 Conjurations
 + Level 4.3 Fire Magic


You had 2 spell levels left.
You knew the following spells:

 Your Spells              Type           Power        Failure   Level  Hunger
a - Flame Tongue          Conj/Fire      ###..        2%          1    None
b - Throw Flame           Conj/Fire      ###...       4%          2    #......
c - Conjure Flame         Conj/Fire      ###.....     9%          3    ##.....
d - Sticky Flame          Conj/Fire      ###.....     26%         4    ####...

Your spell library contained the following spells:

 Spells                   Type           Power        Failure   Level  Hunger
 Inner Flame              Hex/Fire       ##......     14%         3    ##.....
 Fireball                 Conj/Fire      ###.......   58%         5    ######.


Dungeon Overview and Level Annotations

Branches:
Dungeon (3/15)

Altars:

Annotations:
D:3 Ijyb


Message History

Casting: Flame Tongue (safe; 2% risk of failure)
Confirm with . or Enter, or press ? or * to list all spells.
Aiming: Flame Tongue (safe; 2% risk of failure)
Press: ? - help, Shift-Dir - straight line, f/p - Ijyb
Aim: Ijyb, wearing a +1 ring mail of poison resistance and carrying a wand of acid (9) (moderately wounded)
The flame tongue hits Ijyb.
Ijyb is heavily wounded.
Casting: Flame Tongue (safe; 2% risk of failure)
Confirm with . or Enter, or press ? or * to list all spells.
Aiming: Flame Tongue (safe; 2% risk of failure)
Press: ? - help, Shift-Dir - straight line, f/p - Ijyb
Aim: Ijyb, wearing a +1 ring mail of poison resistance and carrying a wand of acid (9) (heavily wounded)
The flame tongue hits Ijyb.
Ijyb is severely wounded.
Ijyb zaps a wand.
The bolt of acid hits you!!
Ouch! That really hurt!
* * * LOW HITPOINT WARNING * * *
You are splashed with acid!
Ouch! That really hurt!
You die...

.# .## .> .. ..
#.##.########.#
######..........%..#
...<............g..# #
....##..........@..##.#
....##.............?..#
###)##....†.........###
###.##..............#
#..)##...........)..#
...)................#
....................#
#...####..#########.#
#...# #..# .#


You could see Ijyb.

Vanquished Creatures
  Terence (D:2)
  5 adders
  An ooze (D:1)
  A worm (D:3)
  2 dart slugs (D:1)
  A leopard gecko (D:1)
  An orc (D:3)
  2 bats (D:1)
  8 goblins
  5 hobgoblins
  2 jackals (D:1)
  9 kobolds
  2 quokkas (D:2)
  4 frilled lizards
  5 rats
49 creatures vanquished.

Notes
Turn   | Place    | Note
-------+----------+-------------------------------------------
     0 | D:1      | nikopol the Deep Elf Fire Elementalist began the quest for
                  | the Orb.
     0 | D:1      | Reached XP level 1. HP: 10/10 MP: 6/6
    75 | D:1      | Reached XP level 2. HP: 15/15 MP: 6/8
   469 | D:1      | Reached XP level 3. HP: 19/19 MP: 6/9
   665 | D:1      | You fall through a shaft!
   705 | D:2      | Learned a level 2 spell: Throw Flame
   709 | D:2      | Learned a level 3 spell: Conjure Flame
   709 | D:2      | Upgraded the game from 0.24-a0-194-g9bee6eb to
                  | 0.24-a0-201-gf205589
  1045 | D:2      | Noticed Terence
  1550 | D:2      | Killed Terence
  1550 | D:2      | Reached XP level 4. HP: 24/24 MP: 3/11
  1617 | D:2      | Learned a level 4 spell: Sticky Flame
  1827 | D:3      | Noticed Ijyb
  1832 | D:3      | Splashed by Ijyb's acid

Levels and vault maps discovered:
D:1:      mushboom_english_gardens, layout_rooms
D:2:      layout_rooms, uniq_terence
D:3:      layout_basic, cheibriados_altar_1, uniq_sigmund,
          uniq_crazy_yiuf_cottage, uniq_ijyb

Skill      XL: |  1  2  3  4 |
---------------+-------------+-----
Fire Magic     | 4 |  4.3
Stealth        | 3 |  3.0
Conjurations   | 2 |  2.6
Spellcasting   | 4 |  4.5
Dodging        | |  2.9

Action                   |  1- 3 |  4- 6 || total
-------------------------+-------+-------++-------
 Cast: Flame Tongue      |    93 |    27 ||   120
       Conjure Flame     |     4 |       ||     4
       Throw Flame       |     2 |     1 ||     3
  Eat: Chunk             |     1 |     2 ||     3
Armor: Robe              |     5 |     4 ||     9
Dodge: Dodged            |    22 |     6 ||    28

Table legend:
 A = Non-vault XP
 B = Vault XP
 C = Vault XP percentage of total XP
 D = Non-vault monster count
 E = Vault monster count
 F = Vault count percentage of total count
                 A         B        C        D         E       F
            +---------+---------+-------+---------+---------+-------
      Total |     152 |      36 |  19.1 |      48 |       1 |   2.0
            +---------+---------+-------+---------+---------+-------
        D:1 |      55 |       0 |   0.0 |      27 |       0 |   0.0
        D:2 |      41 |      36 |  46.8 |      12 |       1 |   7.7
        D:3 |      56 |       0 |   0.0 |       9 |       0 |   0.0
            +---------+---------+-------+---------+---------+-------
